 Dungeon Crawl Stone Soup version 0.29.1-2-gbd0b4ee654 (webtiles) character file.

Game seed: 3394054581531484970

6664 jamesblauser the Fighter (level 10, -2/83 HPs)
             Began as a Minotaur Berserker on Nov 8, 2022.
             Was a Priest of Trog.
             Slain by Urug
             ... wielding a +2 war axe
              (4 damage)
             ... on level 1 of the Lair of Beasts.
             The game lasted 00:54:37 (10553 turns).

jamesblauser the Fighter (Minotaur Berserker)      Turns: 10553, Time: 00:54:49

Health: -2/83      AC: 14    Str: 23    XL:     10   Next: 73%
Magic:  9/9        EV: 11    Int:  4    God:    Trog [***...]
Gold:   217        SH:  0    Dex: 11    Spells: 9/9 levels left

rFire   + . .      SeeInvis .   q - +0 battleaxe
rCold   . . .      Faith    .   (shield currently unavailable)
rNeg    . . .      Spirit   .   r - +0 chain mail {rF+}
rPois   .          Reflect  .   (helmet restricted)
rElec   .          Harm     .   k - +0 cloak
rCorr   .          Rampage  .   (no gloves)
Will    ++...      Rage     3%  j - +0 pair of boots
Stlth   ..........              (no amulet)
HPRegen 1.23/turn               (no ring)
MPRegen 0.11/turn               (no ring)

@: strong-willed, on berserk cooldown, regenerating, slowed, very slow
A: horns 2, retaliatory headbutt, berserk 1, clumsy 1, frail 1, sense
surroundings 1
a: Renounce Religion, Berserk, Trog's Hand


You were on level 1 of the Lair of Beasts.
You worshipped Trog.
Trog was most pleased with you.
You visited 2 branches of the dungeon, and saw 9 of its levels.
You also visited: Sewer.

You collected 466 gold pieces.
You spent 249 gold pieces at shops.

Inventory:

Hand Weapons
 a - a +0 hand axe
 q - a +0 battleaxe (weapon)
Missiles
 i - 7 poisoned darts
Armour
 b - a +0 animal skin
 c - a +2 leather armour of fire resistance
 d - a +0 ring mail
 j - a +0 pair of boots (worn)
 k - a +0 cloak (worn)
 r - a +0 chain mail of fire resistance (worn)
 s - a +2 buckler
Wands
 p - a wand of acid (9)
 w - a wand of flame (9) (quivered)
Scrolls
 h - 2 scrolls of identify
 m - 4 scrolls of teleportation
 n - a scroll of blinking
Potions
 f - 3 potions of curing
 g - a potion of cancellation
 l - a potion of might
 o - 2 potions of invisibility
 t - a potion of resistance
 u - a potion of brilliance {unknown}
 v - a potion of flight {unknown}


   Skills:
 + Level 10.1 Fighting
 - Level 10.0 Axes
 + Level 6.2 Throwing
 + Level 9.0 Armour
 + Level 8.3 Dodging
 + Level 5.8 Stealth
 + Level 0.5 Unarmed Combat
 + Level 1.4 Evocations


You had 9 spell levels left.
You didn't know any spells.
Your spell library was empty.

Dungeon Overview and Level Annotations

Branches:
Dungeon (8/15)             Temple (0/1) D:6            Lair (1/5) D:8
  Sewer (visited)

Altars:
Ashenzari
Fedhas
Qazlal
Vehumet
Yredelemnul

Shops:
D:5 *   D:6 (!*   D:7 *

Annotations:
D:6 3 runed translucent doors, Tiocfaidh's ghost, novice TeSu
Lair:1 Urug


Innate Abilities, Weirdness & Mutations

You have a pair of horns on your head.
You reflexively headbutt those who attack you in melee.
You sometimes lose your temper in combat.
You are clumsy. (Dex -2)
You are frail. (-10% HP)
You passively map a small area around you.


Message History

Urug is lightly wounded.
Urug hits you with a +2 war axe. Urug hits you with a +2 war axe!!
A red film seems to cover your vision as you go berserk!
You feel yourself moving faster!
You feel mighty! Urug hits you with a +2 war axe!!
You slash Urug! Your headbutt misses Urug.
Urug is moderately wounded.
You hit Urug. You headbutt Urug!
Urug is moderately wounded.
Urug hits you with a +2 war axe!!
You barely miss Urug.
Urug is moderately wounded.
Urug hits you but does no damage.
You barely miss Urug. You headbutt Urug!
Urug is heavily wounded.
Urug hits you with a +2 war axe!!
* * * LOW HITPOINT WARNING * * *
You slice Urug!! Your headbutt misses Urug.
Urug is almost dead.
Urug misses you.
You feel a strong urge to attack something.
Urug throws a javelin.
The javelin pierces through you!!
* * * LOW HITPOINT WARNING * * *
You feel your anger nearly subside.
You are no longer berserk.
You are exhausted.
You feel yourself slow down.
Urug is nearby!
You feel much better. Urug barely misses you. You furiously retaliate!
You headbutt Urug. You barely miss Urug. Your headbutt misses Urug.
Urug is almost dead.
Urug hits you but does no damage. Urug closely misses you.
Your skin crawls.
You feel strong-willed. Urug hits you with a +2 war axe!!
* * * LOW HITPOINT WARNING * * *
Urug screams, "Prepare for a defeathering!"
Urug hits you with a +2 war axe.
You die...

* ## # ##.# #### * *
#.##.## ##..#### *
*#!...###..###.#
#...#..o@.####.# *
##..##....###..# , *
#.###.........#.. ,
...##........##.#* * ,,
............###..# ,**
* ,
..................#* ,
*
,...........#.....###*,
###. ..............##
...* ,
................P ##.##


You could see Urug.

Vanquished Creatures
  An elephant (D:8)
  A cane toad (Lair:1)
  A komodo dragon (D:7)
  A troll (D:7)
  A hornet (D:8)
  Sigmund (D:3)
  A wyvern (Lair:1)
  A basilisk (D:8)
  4 yaks
  An ice beast (D:6)
  2 black bears
  4 ogres (D:4)
  3 centaurs
  2 kobold brigands
  A gnoll sergeant (D:7)
  2 bullfrogs
  2 necrophages
  A scorpion (D:6)
  6 wights
  10 killer bees (D:8)
  A howler monkey (D:6)
  2 hounds
  4 jellies
  3 orc priests
  Crazy Yiuf (D:3)
  Jessica (D:3)
  4 iguanas
  Natasha (D:4)
  9 orc wizards
  10 gnolls
  13 adders
  A river rat (Sewer)
  A shadow imp (D:5)
  4 worms
  A dart slug (D:3)
  25 orcs
  13 bats
  19 endoplasms
  12 giant cockroaches
  12 goblins
  9 hobgoblins
  7 jackals
  5 quokkas
  17 ball pythons
  6 frilled lizards
  15 kobolds
  9 rats
251 creatures vanquished.

Vanquished Creatures (collateral kills)
  Maurice (D:8)
  An acid dragon (D:6)
  An orc warrior (D:8)
  A black bear (D:8)
  A centaur (D:6)
  A hound (D:5)
  A jelly (D:5)
  Natasha (D:4)
  An orc wizard (D:5)
  2 adders
  6 orcs
17 creatures vanquished.

Grand Total: 268 creatures vanquished

Notes
Turn   | Place    | Note
-------+----------+-------------------------------------------
     0 | D:1      | jamesblauser the Minotaur Berserker began the quest for the
                  | Orb.
     0 | D:1      | Reached XP level 1. HP: 19/19 MP: 0/0
   121 | D:1      | Reached XP level 2. HP: 27/27 MP: 1/1
   510 | D:1      | Reached ** piety under Trog
   543 | D:1      | Reached XP level 3. HP: 27/33 MP: 2/2
  1194 | D:2      | Reached XP level 4. HP: 38/41 MP: 3/3
  2036 | D:3      | Reached skill level 5 in Axes
  2135 | D:3      | Reached *** piety under Trog
  2208 | D:3      | Found a glowing drain.
  2212 | D:3      | Reached XP level 5. HP: 46/47 MP: 4/4
  2255 | Sewer    | Entered a sewer
  2664 | Sewer    | Reached **** piety under Trog
  2928 | Sewer    | Found a viscous altar of Jiyva.
  2945 | Sewer    | Reached skill level 1 in Throwing
  2955 | Sewer    | Reached XP level 6. HP: 31/55 MP: 5/5
  3107 | Sewer    | Gained mutation: You possess an exceptional clarity of
                  | mind. [potion of mutation]
  3107 | Sewer    | Lost mutation: You possess an exceptional clarity of mind.
                  | [potion of mutation]
  3107 | Sewer    | Gained mutation: You sometimes lose your temper in combat.
                  | [potion of mutation]
  3144 | Sewer    | Reached skill level 5 in Throwing
  3144 | Sewer    | Reached XP level 7. HP: 68/68 MP: 6/6
  3323 | D:3      | Noticed Jessica
  3327 | D:3      | Killed Jessica
  3402 | D:3      | Noticed Sigmund
  3412 | D:3      | Killed Sigmund
  3516 | D:3      | Found a broken altar of Ashenzari.
  3545 | D:3      | Found a runed translucent door.
  3546 | D:3      | Noticed Crazy Yiuf
  3561 | D:3      | Killed Crazy Yiuf
  3833 | D:4      | Noticed Natasha
  4047 | D:4      | Reached XP level 8. HP: 37/74 MP: 7/7
  4427 | D:4      | Killed Natasha
  4450 | D:4      | Noticed Natasha
  4451 | D:4      | Killed Natasha
  5412 | D:5      | Entered Level 5 of the Dungeon
  6254 | D:5      | Found Rumuank's General Store.
  6258 | D:5      | Bought a wand of flame (8) for 67 gold pieces
  6404 | D:5      | Found a blossoming altar of Fedhas.
  6583 | D:6      | Reached XP level 9. HP: 82/82 MP: 8/8
  6705 | D:6      | Noticed Tiocfaidh's ghost (novice TeSu)
  6711 | D:6      | Found a runed translucent gate.
  6711 | D:6      | Found a runed translucent gate.
  6711 | D:6      | Found a runed translucent gate.
  6711 | D:6      | Noticed a kobold demonologist
  6740 | D:6      | Reached skill level 10 in Axes
  6862 | D:6      | Found a staircase to the Ecumenical Temple.
  6948 | D:6      | Reached skill level 5 in Stealth
  7223 | D:6      | Found Muilol's General Store.
  7343 | D:6      | Found Seshren's Distillery.
  7346 | D:6      | Found Iluj's Antique Weapon Shop.
  7525 | D:6      | Bought a battleaxe for 182 gold pieces
  8052 | D:7      | Found a stormy altar of Qazlal.
  8258 | D:7      | Reached skill level 1 in Evocations
  8405 | D:7      | Found Rioj Rudo's General Store.
  8668 | D:7      | Noticed a troll
  8677 | D:7      | Killed a troll
  8808 | D:7      | Noticed a komodo dragon
  8818 | D:7      | Killed a komodo dragon
  9043 | D:8      | Reached XP level 10. HP: 83/84 MP: 9/9
  9579 | D:8      | Noticed Maurice
  9671 | D:8      | Killed Maurice
  9826 | D:8      | Found a radiant altar of Vehumet.
  9837 | D:8      | Lost mutation: You sometimes lose your temper in combat.
                  | [potion of mutation]
  9837 | D:8      | Gained mutation: You are clumsy. (Dex -2) [potion of
                  | mutation]
  9837 | D:8      | Gained mutation: You sometimes lose your temper in combat.
                  | [potion of mutation]
  9837 | D:8      | Gained mutation: You are frail. (-10% HP) [potion of
                  | mutation]
  9837 | D:8      | Gained mutation: You passively map a small area around you.
                  | [potion of mutation]
  9907 | D:8      | Found a staircase to the Lair.
  9907 | D:8      | Noticed an elephant
  9915 | D:8      | Killed an elephant
  9923 | D:8      | Reached skill level 10 in Fighting
 10139 | D:8      | Found a basalt altar of Yredelemnul.
 10255 | Lair:1   | Entered Level 1 of the Lair of Beasts
 10260 | Lair:1   | Noticed a cane toad
 10269 | Lair:1   | Killed a cane toad
 10533 | Lair:1   | Noticed Urug
 10546 | Lair:1   | HP: 5/124 [Urug/javelin (19)]
 10553 | Lair:1   | HP: 2/83 [Urug/+2 war axe (24)]
 10553 | Lair:1   | Slain by Urug

Illustrated notes

Levels and vault maps discovered:
D:1:      lightli_iron_boxes, layout_rooms, hangedman_decor_growths
D:2:      wad_river_or_something, layout_basic
D:3:      minmay_recursive_quarters, layout_rooms, ashenzari_altar_1,
          cheibrodos_sewer_entry_drain, minmay_misc_feat_enclosed, uniq_jessica,
          uniq_crazy_yiuf_cottage, uniq_sigmund
D:4:      layout_layer_cave, uniq_natasha
D:5:      layout_loops_ring, fedhas_altar_4, serial_shops, shop, minivault_1
D:6:      layout_basic, temple_fountains, gammafunk_ghost_split, serial_shops,
          shop, shop_fountains, nicolae_shop_trees
D:7:      kennysheep_big_flooded_room, layout_cave_pods,
          nicolae_qazlal_eye_of_the_storm, serial_shops, nicolae_lakefront_shop,
          st_stairs_13, due_unseen_surprise
D:8:      layout_loops_cross, kennysheep_mini, vehumet_crystals,
          david_lair_generic, serial_bayou_pond_a, nicolae_two_hexagons,
          minmay_misc_feat_iff, uniq_maurice
Lair:1:   layout_cave_shapes, uniq_urug

Skill      XL: |  1  2  3  4  5  6  7  8  9 10 |
---------------+-------------------------------+-----
Axes           | 4 5 6 8 9 10 | 10.0
Fighting       | 4 8 9 10 | 10.1
Armour         | 3 6 7 9 |  9.0
Dodging        | 3 6 7 8 |  8.3
Throwing       | 1 5 6 |  6.2
Stealth        | 4 5 |  5.8
Evocations     | 1 |  1.4
Unarmed Combat | |  0.5

Action                   |  1- 3 |  4- 6 |  7- 9 | 10-12 || total
-------------------------+-------+-------+-------+-------++-------
Melee: Hand axe          |    82 |   134 |   203 |       ||   419
       Headbutt          |    16 |    19 |    44 |    14 ||    93
       Punch             |       |       |     7 |       ||     7
       Battleaxe         |       |       |    63 |    72 ||   135
       Unarmed           |       |       |       |     8 ||     8
Throw: Dart              |       |     9 |    10 |    19 ||    38
       Throwing net      |       |       |     2 |       ||     2
Invok: Berserk           |       |       |    10 |     5 ||    15
       Trog's Hand       |       |       |     3 |     1 ||     4
       Brothers in Arms  |       |       |     5 |     1 ||     6
Evoke: Wand              |       |       |     8 |     6 ||    14
  Use: Potion            |     4 |     4 |     7 |     6 ||    21
       Scroll            |     3 |     2 |     4 |     4 ||    13
 Stab: Sleeping          |       |       |     9 |       ||     9
       Invisible         |       |       |     1 |       ||     1
Armor: Ring mail         |     9 |       |       |       ||     9
       Leather armour    |    25 |    43 |    98 |       ||   166
       Chain mail        |       |       |       |    53 ||    53
       Skin              |       |       |       |     2 ||     2
Dodge: Dodged            |    67 |   127 |   187 |    64 ||   445
